BOTTOM OF THE 1ST |
Topeka Tornados batting - Pitching for Indiana Hounds : RHP Rob Hill
|
Pitching: RHP Rob Hill
|
|
Batting: RHB Norberto Taváres
|
0-0: Called Strike 0-1: SINGLE (Line Drive, 4MD)
|
Batting: LHB Morgan Wright
|
0-0: Ball 1-0: Foul Ball, location: 2F 1-1: Called Strike 1-2: Foul Ball, location: 2F 1-2: Foul Ball, location: 2F 1-2: Foul Ball, location: 2F 1-2: Ball 2-2: Foul Ball, location: 2F 2-2: Ball 3-2: SINGLE (Groundball, 34) Norberto Taváres to second Norberto Taváres to third
|
Batting: RHB Alberto Campos
|
0-0: Called Strike 0-1: Ball 1-1: Ball 2-1: Swinging Strike 2-2: Ball 3-2: Foul Ball, location: 2F 3-2: Strikes out swinging
|
Batting: LHB Ryan Drake
|
0-0: Ball 1-0: Foul Ball, location: 2F 1-1: Foul Ball, location: 2F 1-2: SINGLE (Groundball, 34) Norberto Taváres scores Morgan Wright to second
|
Batting: LHB Yoshiaki Ohayashi
|
0-0: Fielders Choice at 2nd, U4 (Groundball, 4M) Morgan Wright to third
|
Batting: RHB Cho-yun Qiao
|
0-0: Ground out 5-3 (Groundball, 5S)
|
Bottom of the 1st over - 1 run(s), 3 hit(s), 0 error(s), 2 left on base; Indiana 1 - Topeka 1 |
TOP OF THE 2ND |
Indiana Hounds batting - Pitching for Topeka Tornados : LHP Tommy Campbell
|
Batting: RHB Paco Castillo
|
0-0: Foul Ball, location: 2F 0-1: Foul Ball, location: 2F 0-2: Ball 1-2: Ball 2-2: Ground out 6-3 (Groundball, 56)
|
Batting: RHB Danny Walker
|
0-0: Ground out 4-3 (Groundball, 4)
|
Batting: RHB António Venecia
|
0-0: Foul Ball, location: 2F 0-1: Ball 1-1: Ball 2-1: Foul Ball, location: 2F 2-2: Ball 3-2: Ground out 4-3 (Groundball, 4)
|
Top of the 2nd over - 0 run(s), 0 hit(s), 0 error(s), 0 left on base; Indiana 1 - Topeka 1 |
BOTTOM OF THE 2ND |
Topeka Tornados batting - Pitching for Indiana Hounds : RHP Rob Hill
|
Batting: RHB Bob Hall
|
0-0: Ball 1-0: Foul Ball, location: 2F 1-1: Fly out, F8 (Flyball, 8LM)
|
Batting: RHB José Pinto
|
0-0: Foul Ball, location: 2F 0-1: Ball 1-1: Swinging Strike 1-2: Ball 2-2: Foul Ball, location: 2F 2-2: Ball 3-2: Foul Ball, location: 2F 3-2: Foul Ball, location: 2F 3-2: Base on Balls
|
Batting: RHB Don Thomas
|
0-0: Called Strike 0-1: Swinging Strike 0-2: Strikes out swinging
|
Batting: RHB Norberto Taváres
|
0-0: Ball 1-0: SINGLE (Groundball, 56D) José Pinto to second
|
Batting: LHB Morgan Wright
|
0-0: Ball 1-0: Foul Ball, location: 2F 1-1: Ball 2-1: Ground out 4-3 (Groundball, 34)
|
Bottom of the 2nd over - 0 run(s), 1 hit(s), 0 error(s), 2 left on base; Indiana 1 - Topeka 1 |
TOP OF THE 3RD |
Indiana Hounds batting - Pitching for Topeka Tornados : RHP Clark Edwards
|
Pitching: RHP Clark Edwards
|
|
Batting: RHB Doug Murray
|
0-0: Swinging Strike 0-1: Foul Ball, location: 2F 0-2: Strikes out swinging
|
Batting: RHB Víctor Chávez
|
0-0: Ball 1-0: Ground out 6-3 (Groundball, 6)
|
Batting: RHB Domingo Romero
|
0-0: Ball 1-0: Ball 2-0: Ball 3-0: Base on Balls
|
Batting: RHB Octávio Marín
|
0-0: Foul Ball, location: 2F 0-1: Foul Ball, location: 2F 0-2: Ball 1-2: Ball 2-2: Strikes out swinging
|
Top of the 3rd over - 0 run(s), 0 hit(s), 0 error(s), 1 left on base; Indiana 1 - Topeka 1 |
BOTTOM OF THE 3RD |
Topeka Tornados batting - Pitching for Indiana Hounds : RHP Rob Hill
|
Batting: RHB Alberto Campos
|
0-0: Ball 1-0: Called Strike 1-1: Foul Ball, location: 2F 1-2: Foul Ball, location: 2F 1-2: Fly out, F8 (Line Drive, 8LD)
|
Batting: LHB Ryan Drake
|
0-0: Ball 1-0: Foul Ball, location: 2F 1-1: Called Strike 1-2: Ground out U3 (Groundball, 3S)
|
Batting: LHB Yoshiaki Ohayashi
|
0-0: Ball 1-0: Foul Ball, location: 2F 1-1: DOUBLE (Line Drive, 9D)
|
Batting: RHB Cho-yun Qiao
|
0-0: Ball 1-0: Swinging Strike 1-1: Foul Ball, location: 2F 1-2: Strikes out looking
|
Bottom of the 3rd over - 0 run(s), 1 hit(s), 0 error(s), 1 left on base; Indiana 1 - Topeka 1 |
TOP OF THE 4TH |
Indiana Hounds batting - Pitching for Topeka Tornados : RHP Clark Edwards
|
Batting: LHB Dave Helásquez
|
0-0: Called Strike 0-1: Ball 1-1: Called Strike 1-2: Fly out, F7 (Flyball, 7S)
|
Batting: RHB Shawn Marshall
|
0-0: Called Strike 0-1: SINGLE (Flyball, 9S)
|
Batting: RHB Paco Castillo
|
0-0: Called Strike 0-1: Called Strike 0-2: Foul Ball, location: 2F 0-2: Ball 1-2: Fly out, F7 (Line Drive, 7S)
|
Batting: RHB Danny Walker
|
0-0: Foul Ball, location: 2F 0-1: Called Strike 0-2: Strikes out looking
|
Top of the 4th over - 0 run(s), 1 hit(s), 0 error(s), 1 left on base; Indiana 1 - Topeka 1 |
BOTTOM OF THE 4TH |
Topeka Tornados batting - Pitching for Indiana Hounds : RHP Rob Hill
|
Batting: RHB Bob Hall
|
0-0: Ball 1-0: Ball 2-0: Called Strike 2-1: Ball 3-1: Foul Ball, location: 2F 3-2: Foul Ball, location: 2F 3-2: Base on Balls
|
Batting: RHB José Pinto
|
0-0: Called Strike 0-1: Foul Ball, location: 2F 0-2: Ball 1-2: SINGLE (Line Drive, 7S) Bob Hall to second
|
Batting: RHB Don Thomas
|
0-0: Foul Ball, location: 2F 0-1: Ball 1-1: Called Strike 1-2: Ball 2-2: Foul Ball, location: 2F 2-2: Foul Ball, location: 2F 2-2: Ball 3-2: Fly out, F7 (Flyball, 78M)
|
Batting: RHB Norberto Taváres
|
0-0: Ball 1-0: Swinging Strike 1-1: Foul Ball, location: 2F 1-2: Ball 2-2: Ball 3-2: Foul Ball, location: 2F 3-2: Fly out, F3 (Popup, 34)
|
Batting: LHB Morgan Wright
|
0-0: Called Strike 0-1: Ball 1-1: Ball 2-1: Ball 3-1: DOUBLE (Line Drive, 7LS) Bob Hall scores José Pinto to third Runner from 3rd tries for Home, SAFE, no throw or cutoff
|
Batting: RHB Alberto Campos
|
0-0: Ball 1-0: Called Strike 1-1: Ground out 5-3 (Groundball, 56S)
|
Bottom of the 4th over - 2 run(s), 2 hit(s), 0 error(s), 1 left on base; Indiana 1 - Topeka 3 |
TOP OF THE 5TH |
Indiana Hounds batting - Pitching for Topeka Tornados : RHP Clark Edwards
|
Batting: RHB António Venecia
|
0-0: Ground out 5-3 (Groundball, 5)
|
Batting: RHB Doug Murray
|
0-0: Called Strike 0-1: Foul Ball, location: 2F 0-2: Ball 1-2: Ball 2-2: SINGLE (Groundball, 6M)
|
Batting: RHB Víctor Chávez
|
0-0: Foul Ball, location: 2F 0-1: Ball 1-1: Ball 2-1: Foul Ball, location: 2F 2-2: Fly out, F8 (Flyball, 8LM)
|
Batting: RHB Domingo Romero
|
0-0: Ball 1-0: Ball Doug Murray is caught stealing 2nd base
|
Top of the 5th over - 0 run(s), 1 hit(s), 0 error(s), 0 left on base; Indiana 1 - Topeka 3 |
BOTTOM OF THE 5TH |
Topeka Tornados batting - Pitching for Indiana Hounds : RHP Rob Hill
|
Pitching: LHP Dennis Taylor
|
|
Batting: LHB Ryan Drake
|
0-0: Swinging Strike 0-1: Ground out 1-3 (Groundball, 13S)
|
Batting: LHB Yoshiaki Ohayashi
|
0-0: Called Strike 0-1: Foul Ball, location: 2F 0-2: Ball 1-2: Ball 2-2: Fly out, F6 (Line Drive, 6)
|
Batting: RHB Cho-yun Qiao
|
0-0: Called Strike 0-1: Foul Ball, location: 2F 0-2: Ball 1-2: Ball 2-2: Ball 3-2: Ground out 6-3 (Groundball, 6)
|
Bottom of the 5th over - 0 run(s), 0 hit(s), 0 error(s), 0 left on base; Indiana 1 - Topeka 3 |
TOP OF THE 6TH |
Indiana Hounds batting - Pitching for Topeka Tornados : RHP Clark Edwards
|
Batting: RHB Domingo Romero
|
0-0: Reached on error, E5 (Groundball, 5S)
|
Batting: RHB Octávio Marín
|
0-0: Called Strike 0-1: SINGLE (Line Drive, 56) Domingo Romero to second
|
Batting: LHB Dave Helásquez
|
0-0: Ball 1-0: Ball 2-0: SINGLE (Groundball, 4MD) Domingo Romero to third Octávio Marín to second Runner from 3rd tries for Home, SAFE, no throw or cutoff
|
Batting: RHB Shawn Marshall
|
0-0: Ball 1-0: Ball 2-0: Ball 3-0: Base on Balls Octávio Marín to third Dave Helásquez to second
|
Batting: RHB Paco Castillo
|
0-0: SINGLE (Groundball, 56D) Octávio Marín scores Dave Helásquez to third Shawn Marshall to second
|
Batting: RHB Danny Walker
|
0-0: Ball 1-0: Called Strike 1-1: Swinging Strike 1-2: Foul Ball, location: 2F 1-2: Foul Ball, location: 2F 1-2: Fly out, F8 (Flyball, 8RXD) Runner from 3rd tags up, SCORES, no throw Shawn Marshall to third
|
Pitching: RHP Larry Jones
|
|
Batting: RHB António Venecia
|
0-0: Ball 1-0: Foul Ball, location: 2F 1-1: Ball 2-1: Ball 3-1: Base on Balls Paco Castillo to second
|
Batting: RHB Doug Murray
|
0-0: Ball 1-0: Ball 2-0: Grounds into double play, 1-2-3 (Groundball, 25)
|
Top of the 6th over - 3 run(s), 3 hit(s), 1 error(s), 2 left on base; Indiana 4 - Topeka 3 |
BOTTOM OF THE 6TH |
Topeka Tornados batting - Pitching for Indiana Hounds : LHP Dennis Taylor
|
Batting: RHB Bob Hall
|
0-0: Called Strike 0-1: Ball 1-1: Ground out 4-3 (Groundball, 13)
|
Batting: RHB José Pinto
|
0-0: Ball 1-0: Ball 2-0: Ball 3-0: Called Strike 3-1: Called Strike 3-2: Base on Balls
|
Batting: RHB Don Thomas
|
0-0: Ball 1-0: Ball 2-0: Ball 3-0: Called Strike 3-1: Swinging Strike 3-2: Base on Balls José Pinto to second
|
Batting: RHB Norberto Taváres
|
0-0: Ball 1-0: Called Strike 1-1: SINGLE (Groundball, 5D) José Pinto to third Don Thomas to second Runner from 3rd tries for Home, SAFE, no throw or cutoff
|
Batting: LHB Morgan Wright
|
0-0: Ball 1-0: Foul Ball, location: 2F 1-1: Ball 2-1: Fly out, F6 (Popup, 6MD)
|
Pitching: RHP Alvin Heath
|
|
Batting: RHB Alberto Campos
|
0-0: Ball 1-0: Called Strike 1-1: Ball 2-1: Foul Ball, location: 2F 2-2: Foul Ball, location: 2F 2-2: Ball 3-2: Strikes out looking
|
Bottom of the 6th over - 1 run(s), 1 hit(s), 0 error(s), 2 left on base; Indiana 4 - Topeka 4 |
TOP OF THE 7TH |
Indiana Hounds batting - Pitching for Topeka Tornados : RHP Larry Jones
|
Pinch Hitting: LHB Clint Parkinson
|
0-0: Foul Ball, location: 2F 0-1: DOUBLE (Groundball, 3L)
|
Pinch Hitting: RHB Carlos Alfaro
|
0-0: Intentional Walk
|
Pinch Hitting: RHB Juan Brieno
|
0-0: Foul Ball, location: 2F 0-1: Grounds into double play, 1-6-3 (Groundball, 13S) Clint Parkinson to third
|
Batting: LHB Dave Helásquez
|
0-0: Ball 1-0: Called Strike 1-1: Ball 2-1: Ball 3-1: Called Strike 3-2: Foul Ball, location: 2F 3-2: Base on Balls
|
Batting: RHB Shawn Marshall
|
0-0: Ball 1-0: Called Strike 1-1: Called Strike 1-2: Ball 2-2: Strikes out looking
|
Top of the 7th over - 0 run(s), 1 hit(s), 0 error(s), 2 left on base; Indiana 4 - Topeka 4 |
BOTTOM OF THE 7TH |
Topeka Tornados batting - Pitching for Indiana Hounds : RHP Alvin Heath
|
Pitching: LHP Keith Hill
|
|
Now at 2B: Juan Brieno
|
|
Now at 3B: Clint Parkinson
|
|
Now at SS: Carlos Alfaro
|
|
Batting: LHB Ryan Drake
|
0-0: Fly out, F7 (Line Drive, 7M)
|
Batting: LHB Yoshiaki Ohayashi
|
0-0: Called Strike 0-1: Foul Ball, location: 2F 0-2: Strikes out swinging
|
Batting: RHB Cho-yun Qiao
|
0-0: Swinging Strike 0-1: Swinging Strike 0-2: Foul Ball, location: 2F 0-2: Ball 1-2: Ball 2-2: Strikes out swinging
|
Bottom of the 7th over - 0 run(s), 0 hit(s), 0 error(s), 0 left on base; Indiana 4 - Topeka 4 |
TOP OF THE 8TH |
Indiana Hounds batting - Pitching for Topeka Tornados : RHP Larry Jones
|
Batting: RHB Paco Castillo
|
0-0: Ball 1-0: Fly out, F7 (Flyball, 7D)
|
Pitching: LHP Glenn Tutt
|
|
Batting: RHB Danny Walker
|
0-0: Ball 1-0: SINGLE (Groundball, 5L)
|
Batting: RHB António Venecia
|
0-0: Called Strike 0-1: Ball 1-1: Foul Ball, location: 2F 1-2: Ball 2-2: Ball 3-2: Base on Balls Danny Walker to second
|
Batting: RHB Doug Murray
|
0-0: Ball 1-0: Swinging Strike 1-1: Foul Ball, location: 2F 1-2: Ball 2-2: Strikes out swinging
|
Pinch Hitting: RHB Juan Brito
|
0-0: Ball 1-0: Ball 2-0: SINGLE (Groundball, 34D) (infield hit) Danny Walker to third António Venecia to second
|
Batting: RHB Carlos Alfaro
|
0-0: Foul Ball, location: 2F 0-1: Foul Ball, location: 2F 0-2: Ball 1-2: Ball 2-2: Foul Ball, location: 2F 2-2: Ball 3-2: Foul Ball, location: 2F 3-2: Fly out, F4 (Line Drive, 4)
|
Top of the 8th over - 0 run(s), 2 hit(s), 0 error(s), 3 left on base; Indiana 4 - Topeka 4 |
BOTTOM OF THE 8TH |
Topeka Tornados batting - Pitching for Indiana Hounds : LHP Keith Hill
|
Now at 3B: Juan Brito
|
|
Batting: RHB Bob Hall
|
0-0: Called Strike 0-1: SINGLE (Line Drive, 78S)
|
Batting: RHB José Pinto
|
0-0: Ball 1-0: Foul Ball, location: 2F 1-1: Ball Pickoff Throw to First - Error! E1 Bob Hall to second 2-1: Foul Ball, location: 2F 2-2: Strikes out swinging
|
Batting: RHB Don Thomas
|
0-0: Ball 1-0: Ball 2-0: Ground out 6-3 (Groundball, 6)
|
Batting: RHB Norberto Taváres
|
0-0: Called Strike 0-1: Fly out, F8 (Flyball, 8LM)
|
Bottom of the 8th over - 0 run(s), 1 hit(s), 1 error(s), 1 left on base; Indiana 4 - Topeka 4 |
TOP OF THE 9TH |
Indiana Hounds batting - Pitching for Topeka Tornados : LHP Glenn Tutt
|
Pitching: LHP Jeremy Meyer
|
|
Batting: RHB Juan Brieno
|
0-0: Called Strike 0-1: Swinging Strike 0-2: Ball 1-2: Strikes out swinging
|
Pinch Hitting: RHB Carlos Moya
|
0-0: Called Strike 0-1: Swinging Strike 0-2: Strikes out swinging
|
Batting: RHB Shawn Marshall
|
0-0: Foul Ball, location: 2F 0-1: Foul Ball, location: 2F 0-2: DOUBLE (Flyball, 9LM)
|
Batting: RHB Paco Castillo
|
0-0: Called Strike 0-1: Swinging Strike 0-2: Strikes out swinging
|
Top of the 9th over - 0 run(s), 1 hit(s), 0 error(s), 1 left on base; Indiana 4 - Topeka 4 |
|